cohdb
Replays
Latest Replays
All Replays
Popular Replays
Top Player Replays
Match Explorer
How It Works
Community
CoH3 Stats
Reddit
Sign in to upload your games and track your stats! →
Sign in with Steam
Match 45833914
Unlisted
Match 45833914
Overview
Messages
Build Orders
End
Kradschützen Motorcycle Team
Panzerpioneer Squad
Panzergrenadier Squad
Construct Light Support Kompanie
Selects Armored Support Battlegroup
Selects Veteran Gunners
Fire Support Elements
MG34 Team
Flakvierling Half-track
Pak 38 Mechanized Group
2.5-tonne Medical Truck
Pak 38 Anti-tank Gun Team
Construct Mechanized Kompanie
Assault Mechanized Group
Selects Salvage Kits
Selects Panzer Storm
Pak 38 Anti-tank Gun Team
Pak 38 Anti-tank Gun Team
Flakvierling Half-track
Flakvierling Half-track
JaegerMeisteR
__Alien____
BIOHAZARD
Sauzer88
0
0
Comments
sign in to comment!
No comments posted yet!